 Dungeon Crawl Stone Soup version 0.30-a0-1075-gcd70e7a56d (webtiles) character file.

Game seed: 3250914026806015728

1239 pokeman the Thaumaturge (level 8, -1/44 HPs)
             Began as a Deep Elf Hedge Wizard on Apr 14, 2023.
             Was an Initiate of Vehumet.
             Slain by a two-headed ogre
             ... wielding a +0 giant club
              (26 damage)
             ... on level 6 of the Dungeon.
             The game lasted 00:09:35 (5685 turns).

pokeman the Thaumaturge (Deep Elf Hedge Wizard)     Turns: 5685, Time: 00:09:36

Health: -1/44      AC:  4    Str:  7    XL:     8   Next: 25%
Magic:  15/23      EV: 13    Int: 22    God:    Vehumet [......]
Gold:   243        SH:  5    Dex: 14    Spells: 12/25 levels left

rFire   . . .      SeeInvis +    w - +2 flail (drain)
rCold   . . .      Faith    .    (no shield)
rNeg    . . .      Spirit   .    b - +0 robe
rPois   .          Reflect  +    t - +0 helmet
rElec   .          Rampage  .    p - +0 cloak
rCorr   .                        (no gloves)
Will    .....                    (no boots)
Stlth   ++                       x - amulet of reflection
HPRegen 0.27/turn                v - ring of see invisible
MPRegen 0.18/turn                (no ring)

@: no status effects
A: no striking features
a: Renounce Religion


You were on level 6 of the Dungeon.
You worshipped Vehumet.
Vehumet was noncommittal.
You visited 1 branch of the dungeon, and saw 6 of its levels.

You collected 243 gold pieces.

Inventory:

Hand Weapons
 o - a +2 quarterstaff of chaos
 w - a +2 flail of draining (weapon)
Armour
 b - a +0 robe (worn)
 p - a +0 cloak (worn)
 t - a +0 helmet (worn)
Magical Staves
 c - a staff of fire
 A - a staff of conjuration
Jewellery
 v - a ring of see invisible (left hand)
 x - an amulet of reflection (around neck)
Scrolls
 e - 2 scrolls of magic mapping {unknown}
 f - a scroll of amnesia {unknown}
 h - 3 scrolls of fear {unknown}
 i - 6 scrolls of identify {unknown}
 k - 2 scrolls of blinking {unknown}
 l - 3 scrolls of teleportation {unknown}
 n - 2 scrolls of vulnerability {unknown}
 q - 4 scrolls of summoning {unknown}
 y - a scroll of fog {unknown}
 C - a scroll of enchant armour {unknown}
 D - a scroll of acquirement {unknown}
Potions
 a - a potion of lignification {unknown}
 d - 2 potions of magic
 g - a potion of haste {unknown}
 j - 2 potions of curing
 m - a potion of ambrosia {unknown}
 r - 3 potions of might {unknown}
 s - 2 potions of berserk rage {unknown}
 u - 2 potions of flight {unknown}
 z - a potion of attraction {unknown}
 B - a potion of heal wounds {unknown}


   Skills:
 - Level 2.2 Fighting
 + Level 1.9 Armour
 - Level 3.1 Dodging
 - Level 3.0 Stealth
 * Level 9.4 Spellcasting
 + Level 4.8 Conjurations
 - Level 1.1 Summonings
 - Level 1.1 Translocations
 + Level 3.0 Fire Magic
 - Level 1.2 Ice Magic
 - Level 1.0 Air Magic
 - Level 1.2 Poison Magic
 - Level 1.2 Evocations


You had 12 spell levels left.
You knew the following spells:

 Your Spells              Type           Power      Damage    Failure   Level
a - Magic Dart            Conj           100%       1d8       1%          1
b - Mephitic Cloud        Conj/Pois/Air  20%        N/A       7%          3
c - Call Imp              Summ           30%        N/A       6%          2
d - Blink                 Tloc           30%        N/A       6%          2
e - Freezing Cloud        Conj/Ice/Air   10%        6-21      56%         5

Your spell library contained the following spells:

 Spells                   Type           Power      Damage    Failure   Level
 Kiss of Death            Conj/Necr      84%        2d11      2%          1
 Momentum Strike          Conj/Tloc      46%        3d9       2%          2
 Slow                     Hex            40%        N/A       6%          1
 Lesser Beckoning         Tloc           30%        N/A       6%          2
 Cigotuvi's Dreadful Rot  Necr/Pois/Air  26%        N/A       7%          2
 Ignite Poison            Fire/Tmut/Pois 16%        N/A       11%         3


Dungeon Overview and Level Annotations

Branches:
Dungeon (6/15)
 Temple: D:4-7

Altars:
Ashenzari
Okawaru
Vehumet


Message History

Your magical contamination has completely faded away.
There is an open door here.
You sock the orc wizard!
You kill the orc wizard!
Vehumet accepts your kill.
Your Fire Magic skill increases to level 3!
Casting: Magic Dart (safe; 1% risk of failure)
Confirm with . or Enter, or press ? or * to list all spells.
Aiming: Mephitic Cloud (dangerous; 7% risk of failure)
Press: ? - help, Shift-Dir - straight line, f - two-headed ogre
Aim: a two-headed ogre, wielding two +0 giant clubs (chance to affect: 53%)
The ball explodes into a vile cloud!
The stinking cloud engulfs the two-headed ogre but does no damage.
The two-headed ogre is engulfed in noxious fumes.
The two-headed ogre appears confused.
Unknown command.
You barely miss the two-headed ogre.
The two-headed ogre is engulfed in noxious fumes.
The two-headed ogre appears confused.
You hit the two-headed ogre.
The two-headed ogre is lightly wounded.
The two-headed ogre closely misses you.
The two-headed ogre hits you with a +0 giant club!
The two-headed ogre hits itself with a +0 giant club! x2
You hit the two-headed ogre.
The two-headed ogre is severely wounded.
You strike the helpless two-headed ogre from behind!
You hit the two-headed ogre but do no damage.
The two-headed ogre is severely wounded.
You block the two-headed ogre's attack. The two-headed ogre barely misses you.
You hit the two-headed ogre.
You punch the two-headed ogre, but do no damage.
The two-headed ogre is almost dead.
You hit the two-headed ogre.
The two-headed ogre is almost dead.
The two-headed ogre seems less confused.
The two-headed ogre misses you.
The two-headed ogre hits you with a +0 giant club!!
Ouch! That really hurt!
You die...

.......................
#####....##.#.#.#......#.
.†..>......#.#.#......#.
###.......#.#.#.#.######
...#[...#..###.#.#..
.#..##.##......#.###
##.........#####..
###.......###########
##.###....@.........+
#.###....O###########
####......# ..........#
####......# #O###.....#
##.###....# ###....+###
.##....


You could see a two-headed ogre.

Vanquished Creatures
  A water moccasin (D:5)
  A black bear (D:5)
  An ice beast (D:6)
  An ogre (D:4)
  A centaur (D:5)
  A phantom (D:5)
  3 scorpions (D:5)
  A howler monkey (D:5)
  2 hounds (D:5)
  Crazy Yiuf (D:2)
  2 jellies
  3 iguanas (D:5)
  2 orc wizards
  8 adders
  2 white imps
  An ufetubus (D:5)
  4 worms
  2 dart slugs
  4 orcs (D:3)
  6 ball pythons
  2 bats
  5 endoplasms
  5 giant cockroaches
  2 goblins
  7 hobgoblins
  11 jackals
  6 kobolds
  9 quokkas
  4 frilled lizards
  2 rats (D:1)
100 creatures vanquished.

Notes
Turn   | Place    | Note
-------+----------+-------------------------------------------
     0 | D:1      | pokeman the Deep Elf Hedge Wizard began the quest for the
                  | Orb.
     0 | D:1      | Reached XP level 1. HP: 10/10 MP: 7/7
   134 | D:1      | Reached XP level 2. HP: 15/15 MP: 1/9
   881 | D:1      | Reached skill level 5 in Spellcasting
  1119 | D:1      | Reached XP level 3. HP: 18/20 MP: 3/11
  1123 | D:1      | Learned a level 3 spell: Mephitic Cloud
  1126 | D:1      | Learned a level 2 spell: Call Imp
  1129 | D:1      | Learned a level 2 spell: Blink
  1810 | D:2      | Found a broken altar of Ashenzari.
  1836 | D:2      | Found a runed translucent door.
  1837 | D:2      | Noticed Crazy Yiuf
  1860 | D:2      | Killed Crazy Yiuf
  1861 | D:2      | Reached skill level 1 in Fighting
  1861 | D:2      | Reached skill level 1 in Armour
  1861 | D:2      | Reached XP level 4. HP: 25/25 MP: 2/13
  2717 | D:3      | Reached skill level 6 in Spellcasting
  2721 | D:3      | Reached XP level 5. HP: 23/29 MP: 6/15
  3358 | D:4      | Found a radiant altar of Vehumet.
  3359 | D:4      | Found an iron altar of Okawaru.
  3363 | D:4      | Became a worshipper of Vehumet
  3380 | D:4      | Noticed an ogre
  3392 | D:4      | Killed an ogre
  3393 | D:4      | Reached skill level 1 in Evocations
  3393 | D:4      | Reached XP level 6. HP: 34/34 MP: 2/17
  3398 | D:4      | Reached skill level 1 in Fire Magic
  3550 | D:4      | Learned a level 5 spell: Freezing Cloud
  3666 | D:4      | Reached skill level 7 in Spellcasting
  4077 | D:5      | Entered Level 5 of the Dungeon
  4098 | D:5      | Reached skill level 1 in Air Magic
  4098 | D:5      | Reached skill level 1 in Poison Magic
  4309 | D:5      | Reached XP level 7. HP: 28/38 MP: 10/20
  4369 | D:5      | Reached skill level 1 in Ice Magic
  4454 | D:5      | Reached skill level 8 in Spellcasting
  4668 | D:5      | HP: 1/39 [water moccasin (6)]
  4962 | D:5      | Reached skill level 9 in Spellcasting
  4962 | D:5      | Reached XP level 8. HP: 44/44 MP: 19/23
  4966 | D:5      | Reached * piety under Vehumet
  4966 | D:5      | Offered knowledge of Kiss of Death by Vehumet.
  5652 | D:6      | Noticed a two-headed ogre
  5685 | D:6      | Slain by a two-headed ogre

Illustrated notes

Levels and vault maps discovered:
D:1:      saegor_arrival_simple_b, layout_basic, minmay_unequal
D:2:      layout_rooms, basic_altar, uniq_crazy_yiuf_cottage
D:3:      layout_loops_cross
D:4:      layout_loops_ring, mainiacjoe_overflow_divided_tiny,
          small_statue_intersection
D:5:      layout_gridville
D:6:      layout_basic, nicolae_yredelemnul_corpse_copse, kb_rosetta,
          uniq_blork_the_orc, uniq_maggie

Skill      XL: |  1  2  3  4  5  6  7  8 |
---------------+-------------------------+-----
Spellcasting   | 5 6 7 9 |  9.4
Conjurations   | 2 3 4 |  4.8
Fighting       | 1 2 |  2.2
Armour         | 1 |  1.9
Stealth        | 3 |  3.0
Dodging        | 3 |  3.1
Evocations     | 1 |  1.2
Fire Magic     | 1 2 3 |  3.0
Air Magic      | 1 |  1.0
Poison Magic   | 1 |  1.2
Ice Magic      | 1 |  1.2
Summonings     | |  1.1
Translocations | |  1.1

Action                     |  1- 3 |  4- 6 |  7- 9 || total
---------------------------+-------+-------+-------++-------
  Melee: Dagger            |     9 |       |       ||     9
         Quarterstaff      |       |     9 |       ||     9
         Flail             |       |    31 |    45 ||    76
         Punch             |       |       |     2 ||     2
   Cast: Magic Dart        |    99 |   109 |    73 ||   281
         Call Imp          |     3 |       |     2 ||     5
         Mephitic Cloud    |     1 |     5 |     9 ||    15
         Blink             |       |       |     1 ||     1
    Use: Potion            |       |       |     1 ||     1
   Stab: Sleeping          |     1 |     1 |       ||     2
         Confused          |       |     1 |     8 ||     9
 Armour: Robe              |     4 |    14 |     8 ||    26
  Dodge: Dodged            |    15 |    37 |    32 ||    84
  Block: Other             |       |    10 |     7 ||    17

Table legend: (Time is in decaauts)
 A = Elapsed time spent in this place.
 B = Non-inter-level travel time spent in this place.
 C = Inter-level travel time spent in this place.
 D = Time resting spent in this place.
 E = Time spent auto-exploring this place.
 F = Levels seen in this place.
 G = Mean time per level.
                   A        B        C        D        E       F      G
               +--------+--------+--------+--------+--------+-----+--------+
         Total |   5715 |   5629 |     86 |      4 |   4817 |   6 |  952.5 |
       Dungeon |   5715 |   5629 |     86 |      4 |   4817 |   6 |  952.5 |
               +--------+--------+--------+--------+--------+-----+--------+

Top non-repeatable levels by time:
     D:1: 1561 daAuts
     D:5: 1396 daAuts
     D:4: 891 daAuts
     D:3: 881 daAuts
     D:2: 752 daAuts
     D:6: 231 daAuts
